 Dungeon Crawl Stone Soup version 0.24-a0-447-ge8da9206dc (webtiles) character file.

Game seed: 18443059849318128646

71221 KristoblXynda the Covert (level 14, -10/73 HPs)
             Began as a Spriggan Berserker on June 25, 2019.
             Was a High Priest of Trog.
             Mangled by an orc warrior
             ... wielding a +1 battleaxe of draining
              (19 damage)
             ... on level 1 of the Orcish Mines.
             The game lasted 01:06:14 (30244 turns).

KristoblXynda the Covert (Spriggan Berserker)      Turns: 30244, Time: 01:06:15

Health: -10/73     AC:  8    Str: 19    XL:     14   Next: 97%
Magic:  23/23      EV: 30    Int: 13    God:    Trog [*****.]
Gold:   1856       SH:  8    Dex: 17    Spells: 13/13 levels left

rFire    . . .     SeeInvis +   J - +1 demon whip (slash)
rCold    + + +     Gourm    .   C - +0 buckler "Umpuc" {*Drain rC+++ rN+ Regen+}
rNeg     + + +     Faith    .   Q - +1 robe {MR+}
rPois    +         Spirit   .   w - +1 hat {Int+3}
rElec    +         Reflect  .   t - scarf {cloud immunity}
rCorr    .         Harm     .   (gloves unavailable)
MR       ++...                  (boots unavailable)
Stlth    ++++++....             (no amulet)
HPRegen  0.62/turn              F - ring "Epupteg" {rElec rN+ AC+4}
MPRegen  0.18/turn              I - ring "Guacliax" {+Blink rPois rN+ MR- Str+4}

@: very quick
A: very small, unfitting armour, see invisible, herbivore, speed 3, slow
metabolism 2
a: Berserk, Trog's Hand, Brothers in Arms, Renounce Religion, Evoke Blink


You were on level 1 of the Orcish Mines.
You worshipped Trog.
Trog was extremely pleased with you.
You were not hungry.

You visited 4 branches of the dungeon, and saw 23 of its levels.
You also visited: Gauntlet.

You collected 2132 gold pieces.
You spent 276 gold pieces at shops.

Inventory:

Hand Weapons
 i - a +2 hunting sling of flaming
 J - a +1 demon whip of slashing (weapon)
 O - a +2 hunting sling of freezing
Missiles
 A - 147 sling bullets
 P - a throwing net (quivered)
Armour
 j - the +0 buckler "Xyeta" {Str+5, unknown}
   (You acquired it on level 6 of the Lair of Beasts)

   It affects your strength (+5).
 p - a +2 robe of resistance
 t - a scarf of cloud immunity (worn)
 w - a +1 hat of intelligence (worn)
 C - the +0 buckler "Umpuc" (worn) {*Drain rC+++ rN+ Regen+}
   (You found it in a Gauntlet)

   It renders you almost immune to cold.
   It protects you from negative energy.
   It increases your rate of regeneration.
   It causes draining when unequipped.
 Q - a +1 robe of magic resistance (worn)
Jewellery
 F - the ring "Epupteg" (left hand) {rElec rN+ AC+4}
   (You found it on level 6 of the Lair of Beasts)

   [ring of protection]

   It affects your AC (+4).
   It insulates you from electricity.
   It protects you from negative energy.
 I - the ring "Guacliax" (right hand) {+Blink rPois rN+ MR- Str+4}
   (You found it on level 6 of the Lair of Beasts)

   [ring of poison resistance]

   It affects your strength (+4).
   It protects you from poison.
   It protects you from negative energy.
   It affects your resistance to hostile enchantments.
   It lets you blink.
Wands
 q - a wand of clouds (1)
 K - a wand of digging (6)
 L - a wand of iceblast (1)
Scrolls
 d - 16 scrolls of remove curse
 f - 20 scrolls of teleportation
 g - 5 scrolls of amnesia
 o - 5 scrolls of blinking
 D - a scroll of fear
 E - 2 scrolls of magic mapping
 G - a scroll of identify
 M - a scroll of enchant armour
 N - 4 scrolls of immolation
Potions
 a - 2 potions of lignification
 b - a potion of ambrosia {unknown}
 e - 3 potions of brilliance
 h - 2 potions of magic
 k - 2 potions of might
 l - 5 potions of haste
 m - 2 potions of cancellation
 n - 4 potions of berserk rage
 r - 2 potions of invisibility {unknown}
 s - 8 potions of curing
 u - 3 potions of resistance
 x - 3 potions of agility {unknown}
 z - 6 potions of flight
 B - 2 potions of mutation {unknown}
 H - 3 potions of heal wounds {unknown}
Miscellaneous
 v - a fan of gales
 y - a crystal ball of energy
Comestibles
 c - 12 rations


   Skills:
 + Level 8.1 Fighting
   Level 9.1 Short Blades
 + Level 8.1 Maces & Flails
 - Level 14.0 Slings
 + Level 6.0 Armour
 - Level 14.0 Dodging
 + Level 14.6 Stealth
 - Level 7.0 Shields
 + Level 11.1 Evocations


You had 13 spell levels left.
You didn't know any spells.
Your spell library contained the following spells:

 Spells                   Type           Power        Failure   Level  Hunger
 Beastly Appendage        Tmut           #.....       30%         1    ##.....
 Confusing Touch          Hex            #.....       30%         1    ##.....
 Flame Tongue             Conj/Fire      #....        30%         1    ##.....
 Infusion                 Chrm           #...         30%         1    ##.....
 Magic Dart               Conj           #...         30%         1    ##.....
 Blink                    Tloc           N/A          43%         2    ###....
 Call Imp                 Summ           #.......     43%         2    ###....
 Poisonous Vapours        Pois/Air       #.....       43%         2    ###....
 Searing Ray              Conj           #.....       43%         2    ###....
 Shroud of Golubria       Chrm/Tloc      #.....       43%         2    ###....
 Slow                     Hex            #.......     43%         2    ###....
 Song of Slaying          Chrm           #.......     43%         2    ###....
 Sticks to Snakes         Tmut           #.......     43%         2    ###....
 Throw Flame              Conj/Fire      #.....       43%         2    ###....
 Confuse                  Hex            #.......     67%         3    ####...
 Conjure Flame            Conj/Fire      #.......     67%         3    ####...
 Dazzling Spray           Conj/Hex       #.....       67%         3    ####...
 Gell's Gravitas          Tloc           #.........   67%         3    ####...
 Inner Flame              Hex/Fire       #.......     67%         3    ####...
 Mephitic Cloud           Conj/Pois/Air  #.......     67%         3    ####...
 Portal Projectile        Hex/Tloc       #.....       67%         3    ####...
 Regeneration             Chrm/Necr      #.........   67%         3    ####...
 Spectral Weapon          Hex/Chrm       #.......     67%         3    ####...
 Spider Form              Tmut/Pois      #.........   67%         3    ####...
 Force Lance              Conj/Tloc      #.......     97%         4    #####..
 Fulminant Prism          Conj/Hex       #.........   97%         4    #####..
 Ice Form                 Ice/Tmut       #.......     97%         4    #####..
 Iskenderun's Mystic Bla  Conj           #.......     97%         4    #####..
 Petrify                  Tmut/Erth      #.......     97%         4    #####..
 Sticky Flame             Conj/Fire      #.......     97%         4    #####..
 Blade Hands              Tmut           #.........   100%        5    ######.
 Fireball                 Conj/Fire      #.........   100%        5    ######.
 Metabolic Englaciation   Hex/Ice        #.........   100%        5    ######.
 Yara's Violent Unravell  Hex/Tmut       #.........   100%        5    ######.
 Dispersal                Tloc           #.........   100%        6    #######
 Freezing Cloud           Conj/Ice/Air   #.........   100%        6    #######
 Malign Gateway           Summ/Tloc      #.........   100%        7    #######
 Monstrous Menagerie      Summ           #.........   100%        7    #######
 Ring of Flames           Chrm/Fire      #.........   100%        7    #######
 Summon Greater Demon     Summ           #.........   100%        7    #######
 Controlled Blink         Tloc           N/A          100%        8    #######
 Disjunction              Tloc           #.........   100%        8    #######
 Summon Horrible Things   Summ           #.........   100%        8    #######


Dungeon Overview and Level Annotations

Branches:
Dungeon (15/15)            Temple (1/1) D:5            Lair (6/6) D:10
 Shoals (0/4) Lair:3        Snake (0/4) Lair:2        Slime (0/5) Lair:6
    Orc (1/2) D:12         Vaults (0/5) D:14
 Depths: D:15

Altars:
Ashenzari
Cheibriados
Dithmenos
Elyvilon
Fedhas
Gozag
Hepliaklqana
Kikubaaqudgha
Makhleb
Nemelex Xobeh
Okawaru
Qazlal
Ru
Sif Muna
Trog
Uskayaw
Vehumet
Wu Jian
Xom
Yredelemnul
Zin
The Shining One
Beogh
Jiyva

Shops:
D:5 (   D:8 [

Annotations:
D:3 3 runed translucent doors, Ratty's ghost, amateur CeHu
D:6 2 transporters, Avack's ghost, novice NaHu
D:12 3 runed translucent doors, exclusion: obsidian statue, aaksess's ghost, journeyman DEFE


Innate Abilities, Weirdness & Mutations

You are very small and have problems with some larger weapons.
You are too small for most types of armour.
You have supernaturally acute eyesight. (SInv)
You are a herbivore.
You cover ground extremely quickly.
You need to consume almost no food.


Message History

You completely miss the orc. The orc warrior completely misses you.
You block the orc's attack.
The orc warrior throws a boomerang.
The boomerang hits you.
The weapon returns to the orc warrior!
You closely miss the orc. You closely miss the orc warrior.
The orc warrior is heavily wounded.
The orc warrior misses you.
The orc warrior throws a boomerang.
The boomerang completely misses you.
The weapon returns to the orc warrior!
The orc closely misses you.
You barely miss the orc.
The orc warrior hits you with a +1 battleaxe of draining!!
* * * LOW HITPOINT WARNING * * *
You block the orc's attack.
You whack the orc warrior!
The orc warrior is severely wounded.
You hit the orc.
You kill the orc!
Trog accepts your kill.
The orc warrior hits you with a +1 battleaxe of draining!!
You die...

###..........#.##
##..........##
######..........#
##.#.#...........##
#............#....#
##.#..#..##.####.##
###...###### ###
####.#### ##@#.###.##
#)oo..#...#
##....#....#######
###.#.<#.....)#.##.##
#..............o....#
#..............o....##
##................).#..
#..........>.#.†...)...
................#.#..).


You could see 2 orc warriors.

Vanquished Creatures
  Rupert (D:13)
  Azrael (D:13)
  The ghost of conein the Covert, a journeyman VSAs of Sif Muna (D:10)
  Snorg (D:13)
  Josephine (D:14)
  5 hydras
  A hell beast (Gauntlet)
  3 vault guards (D:14)
  5 catoblepae
  2 centaur warriors (D:14)
  2 two-headed ogres
  3 tengu warriors
  An unseen horror (D:12)
  An orc sorcerer (Orc:1)
  A manticore (Lair:4)
  5 ugly things
  12 elephants
  3 black mambas
  An eye of devastation (Lair:3)
  2 torpor snails
  4 gargoyles
  22 spiny frogs
  3 centaur skeletons (D:14)
  3 komodo dragons
  4 yaktaurs (D:15)
  4 rime drakes (Lair:4)
  A tengu conjurer (D:15)
  A merfolk (D:10)
  7 trolls
  A polar bear (Lair:3)
  3 tyrant leeches (Lair:6)
  15 blink frogs (Lair:6)
  6 dream sheep
  12 hippogriffs
  A centaur simulacrum (D:14)
  4 wraiths
  7 wyverns
  13 yaks
  3 hungry ghosts
  2 basilisks
  10 vampire mosquitoes
  3 fire elementals (D:13)
  4 wargs
  20 water moccasins
  An acid dragon (D:12)
  2 porcupines
  6 hell hounds
  A soldier ant (D:12)
  2 ice beasts
  14 orc warriors
  2 sky beasts
  11 ogres
  2 phantoms
  A black bear (Lair:1)
  7 wolves
  12 centaurs
  9 crocodiles
  A big kobold (D:11)
  29 bullfrogs
  7 scorpions
  9 wights
  3 howler monkeys
  4 electric eels
  7 crimson imps
  2 centaur zombies
  2 bullfrog zombies
  6 jellies
  15 orc priests
  7 hounds
  Crazy Yiuf (D:4)
  4 bullfrog skeletons
  14 orc wizards
  4 iguanas
  14 worker ants
  Robin (D:4)
  2 worker ant zombies
  15 adders
  6 gnolls
  A howler monkey skeleton (D:8)
  4 shadow imps
  An ooze (D:1)
  2 adder zombies
  2 adder skeletons
  4 worms
  4 dart slugs
  A leopard gecko (D:1)
  66 orcs
  2 ball pythons
  3 giant cockroaches
  15 goblins
  10 hobgoblins
  A quokka (D:2)
  5 bats
  4 frilled lizards
  15 kobolds
  6 rats
  4 plants (Lair:6)
578 creatures vanquished.

Vanquished Creatures (collateral kills)
  Jorgrun (D:14)
  A minotaur (Gauntlet)
  Fannar (Lair:1)
  A vault guard (D:14)
  A two-headed ogre (D:14)
5 creatures vanquished.

Vanquished Creatures (others)
  A manticore (D:13)
  A bullfrog zombie (D:13)
  10 fungi
  55 plants
67 creatures vanquished.

Grand Total: 650 creatures vanquished

Notes
Turn   | Place    | Note
-------+----------+-------------------------------------------
     0 | D:1      | KristoblXynda the Spriggan Berserker began the quest for
                  | the Orb.
     0 | D:1      | Reached XP level 1. HP: 11/11 MP: 2/2
    23 | D:1      | Reached skill level 1 in Stealth
   350 | D:1      | Reached XP level 2. HP: 16/16 MP: 3/3
  1096 | D:1      | Reached XP level 3. HP: 19/19 MP: 4/4
  1759 | D:2      | Found an iron altar of Okawaru.
  1765 | D:2      | Reached skill level 5 in Dodging
  2126 | D:2      | Reached ** piety under Trog
  2138 | D:2      | Reached XP level 4. HP: 15/23 MP: 5/5
  2566 | D:2      | Found a stormy altar of Qazlal.
  2903 | D:3      | Found an opulent altar of Gozag.
  3248 | D:3      | Found a runed translucent gate.
  3249 | D:3      | Found a runed translucent gate.
  3250 | D:3      | Found a roughly hewn altar of Beogh.
  3250 | D:3      | Found a runed translucent gate.
  3252 | D:3      | Noticed Ratty's ghost (amateur CeHu)
  3259 | D:3      | Identified the +9 whip "Demonbane" {vamp, +Rage rPois rN+++
                  | Int-4}
  3259 | D:3      | Identified the +4 ring mail of Oblivion {Str+2 Int+6}
  3455 | D:3      | Reached XP level 5. HP: 28/28 MP: 6/6
  3788 | D:3      | Found a hazy altar of Hepliaklqana.
  3982 | D:4      | Noticed an ogre
  3986 | D:4      | Killed an ogre
  3986 | D:4      | Reached XP level 6. HP: 32/32 MP: 7/7
  4035 | D:4      | Noticed a two-headed ogre
  4253 | D:4      | Reached skill level 5 in Short Blades
  4253 | D:4      | Reached skill level 5 in Stealth
  4360 | D:4      | Reached *** piety under Trog
  4387 | D:4      | Noticed Robin
  4404 | D:4      | Killed Robin
  4404 | D:4      | Reached XP level 7. HP: 33/37 MP: 8/8
  4539 | D:4      | Found a sparkling altar of Nemelex Xobeh.
  4678 | D:4      | Found a snail-covered altar of Cheibriados.
  4711 | D:4      | Found a runed translucent door.
  4712 | D:4      | Noticed Crazy Yiuf
  4798 | D:4      | Killed Crazy Yiuf
  4951 | D:4      | Killed a two-headed ogre
  4951 | D:4      | Reached XP level 8. HP: 42/42 MP: 8/11
  4979 | D:4      | Found a burning altar of Makhleb.
  5249 | D:5      | Entered Level 5 of the Dungeon
  5363 | D:5      | Found Aritz's Weapon Boutique.
  5384 | D:5      | Bought 14 poisoned darts for 72 gold pieces
  5828 | D:5      | Found a staircase to the Ecumenical Temple.
  5840 | Temple   | Entered the Ecumenical Temple
  6731 | D:6      | Reached skill level 5 in Evocations
  6896 | D:6      | Reached XP level 9. HP: 31/46 MP: 13/13
  7022 | D:6      | Reached **** piety under Trog
  7023 | D:6      | Identified the +10 dire flail of Gehenna {chaos, Str+6
                  | Int+4 Dex+3 Stlth-}
  7030 | D:6      | Noticed Avack's ghost (novice NaHu)
  7082 | D:6      | Found a transporter.
  7118 | D:6      | Found a transporter.
  7184 | D:6      | Identified the +10 plate armour "Ugoacamoz" {rPois}
  7537 | D:6      | Found a deep blue altar of Sif Muna.
  7833 | D:6      | Found a glowing golden altar of the Shining One.
  8279 | D:7      | Found a radiant altar of Vehumet.
  8576 | D:7      | Reached skill level 5 in Fighting
  9154 | D:8      | Reached skill level 10 in Dodging
  9517 | D:8      | Reached skill level 10 in Stealth
  9621 | D:8      | Reached ***** piety under Trog
  9743 | D:8      | Found Keupoit's Antique Armour Emporium.
  9754 | D:8      | Reached XP level 10. HP: 31/52 MP: 16/16
  9874 | D:8      | Bought a buckler for 112 gold pieces
  9874 | D:8      | Bought an embroidered robe for 92 gold pieces
 10298 | D:9      | Found a sacrificial altar of Ru.
 10540 | D:9      | Reached skill level 1 in Shields
 10954 | D:9      | Noticed a two-headed ogre
 10996 | D:9      | Killed a two-headed ogre
 11619 | D:9      | Found a hide-covered altar of Uskayaw.
 11720 | D:10     | Entered Level 10 of the Dungeon
 11741 | D:10     | Found a staircase to the Lair.
 12245 | D:10     | Reached skill level 1 in Maces & Flails
 12866 | D:10     | Found a runed translucent door.
 12868 | D:10     | Noticed conein's ghost (journeyman VSAs)
 12912 | D:10     | Killed conein's ghost
 12912 | D:10     | Reached XP level 11. HP: 36/56 MP: 17/19
 13022 | D:10     | Got an ichor-stained robe
 13037 | D:10     | Identified the +1 robe "Oleskih" {Int+7} (You found it on
                  | level 10 of the Dungeon)
 13351 | D:11     | Reached skill level 1 in Slings
 13419 | D:11     | Noticed a brown ugly thing
 13435 | D:11     | Killed a brown ugly thing
 14109 | D:12     | Received a gift from Trog
 14313 | D:12     | Found a staircase to the Orcish Mines.
 14364 | D:12     | Reached skill level 10 in Evocations
 14501 | D:12     | Found a hide-covered altar of Uskayaw.
 14800 | D:12     | Noticed an unseen horror
 14802 | D:12     | Killed an unseen horror
 15109 | D:12     | Found a runed translucent gate.
 15109 | D:12     | Found a runed translucent gate.
 15109 | D:12     | Found a runed translucent gate.
 15110 | D:12     | Found an opulent altar of Gozag.
 15110 | D:12     | Noticed an obsidian statue
 15111 | D:12     | Noticed a vampire knight
 15111 | D:12     | Noticed an unseen horror
 15112 | D:12     | Noticed aaksess's ghost (journeyman DEFE)
 15526 | D:13     | Identified a scroll of acquirement
 15934 | D:13     | Noticed Snorg
 15938 | D:13     | Noticed Rupert
 15971 | D:13     | Killed Snorg
 15971 | D:13     | Reached skill level 5 in Slings
 15971 | D:13     | Reached skill level 1 in Armour
 16771 | D:13     | Found an iron altar of Okawaru.
 17154 | Lair:1   | Entered Level 1 of the Lair of Beasts
 17646 | Lair:1   | Noticed a six-headed hydra
 17659 | Lair:1   | Killed a six-headed hydra
 17659 | Lair:1   | Reached XP level 12. HP: 61/61 MP: 20/20
 17664 | Lair:1   | Noticed a catoblepas
 17679 | Lair:1   | Reached skill level 5 in Shields
 17816 | Lair:1   | Killed a catoblepas
 17879 | Lair:1   | Noticed Fannar
 17905 | Lair:1   | Killed Fannar
 18628 | Lair:1   | Noticed an eight-headed hydra
 18630 | Lair:1   | Killed an eight-headed hydra
 19031 | Lair:2   | Found a staircase to the Snake Pit.
 19064 | Lair:2   | Reached skill level 5 in Maces & Flails
 19448 | Lair:2   | Received a gift from Trog
 19936 | Lair:3   | Reached skill level 10 in Slings
 20244 | Lair:3   | Found a staircase to the Shoals.
 21124 | Lair:4   | Found a gate leading to a gauntlet.
 21130 | Gauntlet | Entered a Gauntlet
 21130 | Gauntlet | Found a transporter.
 21133 | Gauntlet | Found a transporter.
 21135 | Gauntlet | Found a transporter.
 21160 | Gauntlet | Found a transporter.
 21162 | Gauntlet | Noticed a catoblepas
 21168 | Gauntlet | Found a transporter.
 21170 | Gauntlet | Found a transporter.
 21175 | Gauntlet | Noticed a hell beast
 21179 | Gauntlet | Found a runed translucent door.
 21182 | Gauntlet | Found a transporter.
 21194 | Gauntlet | Noticed a catoblepas
 21197 | Gauntlet | Found a transporter.
 21207 | Gauntlet | Found a transporter.
 21217 | Gauntlet | Found a transporter.
 21231 | Gauntlet | Found a transporter.
 21240 | Gauntlet | Noticed a catoblepas
 21241 | Gauntlet | Found a transporter.
 21420 | Gauntlet | Found a transporter.
 21470 | Gauntlet | Killed a catoblepas
 21518 | Gauntlet | Reached XP level 13. HP: 58/65 MP: 21/21
 21627 | Gauntlet | Noticed a minotaur
 21769 | Gauntlet | Killed a minotaur
 21911 | Gauntlet | Got a distressingly furry buckler
 21923 | Gauntlet | Identified the +0 buckler "Umpuc" {*Drain rC+++ rN+ Regen+}
                  | (You found it in a Gauntlet)
 22662 | Lair:4   | Reached skill level 5 in Armour
 23388 | Lair:4   | Received a gift from Trog
 23572 | Lair:5   | You fall into a shaft and drop 1 floor!
 23572 | Lair:6   | Entered Level 6 of the Lair of Beasts
 24582 | Lair:6   | Received a gift from Trog
 24838 | Lair:6   | Reached XP level 14. HP: 54/70 MP: 22/22
 24907 | Lair:6   | Found a viscous altar of Jiyva.
 24907 | Lair:6   | Found a staircase to the Slime Pits.
 25260 | Lair:6   | Got a warped buckler
 25396 | Lair:6   | Got a bound steel ring
 25400 | Lair:6   | Got a transparent amber ring
 25406 | Lair:6   | Identified the ring "Epupteg" {rElec rN+ AC+4} (You found
                  | it on level 6 of the Lair of Beasts)
 25408 | Lair:6   | Identified the ring "Guacliax" {+Blink rPois rN+ MR- Str+4}
                  | (You found it on level 6 of the Lair of Beasts)
 25891 | D:13     | Noticed Azrael
 26444 | D:13     | Killed Azrael
 26696 | D:13     | Paralysed by Rupert for 7 turns
 26716 | D:13     | Killed Rupert
 27526 | D:14     | Found a gate to the Vaults.
 27546 | D:14     | Received a gift from Trog
 27894 | D:14     | Noticed Jorgrun
 28012 | D:14     | Killed Jorgrun
 28217 | D:14     | Noticed Josephine
 28231 | D:14     | Killed Josephine
 28574 | D:15     | Entered Level 15 of the Dungeon
 28784 | D:15     | Received a gift from Trog
 29734 | Orc:1    | Entered Level 1 of the Orcish Mines
 29818 | Orc:1    | Found a roughly hewn altar of Beogh.
 30016 | Orc:1    | Found a shimmering altar of Xom.
 30244 | Orc:1    | Mangled by an orc warrior

Levels and vault maps discovered:
D:1:      dpeg_arrival_fog, layout_basic
D:2:      layout_basic, grunt_qazlal_clouds, nicolae_overflow_crystal_walls,
          chequers_serial_rivers_small_b
D:3:      layout_loops_cross, lemuel_round_altar, overflow_temple_1_default,
          first_ration, biasface_ghost_orc_armoury
D:4:      layout_loops_ring, nemelex_xobeh_ov_fountains_minmay, bloody_makhleb,
          cheibriados_altar_1, uniq_crazy_yiuf_cottage, uniq_robin
D:5:      layout_cave_pods, minmay_temple_entry_mist, serial_shops,
          nicolae_shop_temple_entry_statues_fountains
D:6:      layout_basic, marbit_many_paths, led_sif_pool, gammafunk_ghost_smash
D:7:      layout_basic, lemuel_crystal_altar, minivault_24
D:8:      layout_loops_cross, kennysheep_small_circle
D:9:      layout_gridville, nicolae_ru_awakened_eye, overflow_temple_1_default,
          hangedman_decor_opposing
D:10:     layout_loops_ring, erik_lair_orcish_takeover,
          ebering_ghost_inner_flame, hangedman_fish_farm, st_stairs_12
D:11:     layout_long_grid
D:12:     layout_basic, david_orc_3, basic_altar, ebering_ghost_gozag,
          lemuel_old_faithful
D:13:     minmay_goldmine, layout_rooms, okawaru_ov_weapons_minmay, uniq_rupert,
          uniq_azrael, uniq_snorg
D:14:     layout_small_grid, lightli_vaults_fourway_checkpoint, uniq_jorgrun,
          uniq_josephine
D:15:     grunt_enter_depths_hoard, layout_basic
Temple:   jpeg_temple_alley_garden
Lair:1:   layout_cave_pods, nicolae_quartered_pool_little,
          hangedman_lair_generics_rect, infiniplex_staircase_pool, uniq_fannar
Lair:2:   layout_loops_ring, minmay_snake_entry_six_corridors, minivault_26
Lair:3:   layout_concentric_octagons, minmay_shoals_entry_lonely_mermaid,
          serial_bayou_shore_a, lemuel_fruit_tree, serial_bayou_shore_b
Lair:4:   layout_hall_layers, gauntlet_entry_generic, minmay_shattered_shrine
Lair:5:   layout_cave_pods, uniq_sonja
Lair:6:   minmay_lair_end_frog_pond, layout_regular_city, slime_altar_1,
          st_stairs_9
Orc:1:    layout_caves, nicolae_orc_bridge_out, hangedman_feature_mirror

Skill      XL: |  1  2  3  4  5  6  7  8  9 10 11 12 13 14 |
---------------+-------------------------------------------+-----
Stealth        | 1 2 3 4 5 7 8 10 11 12 14 | 14.6
Dodging        | 5 6 8 9 10 12 13 14 | 14.0
Fighting       | 3 4 5 6 8 |  8.1
Short Blades   | 4 5 6 7 8 9 |  9.1
Evocations     | 3 5 7 9 10 11 | 11.1
Shields        | 3 4 6 7 |  7.0
Maces & Flails | 2 4 5 7 8 |  8.1
Slings         | 7 10 13 14 | 14.0
Armour         | 2 4 5 6 |  6.0

Action                   |  1- 3 |  4- 6 |  7- 9 | 10-12 | 13-15 || total
-------------------------+-------+-------+-------+-------+-------++-------
Melee: Short sword       |    76 |       |       |       |       ||    76
       Dagger            |    26 |   118 |   429 |  1104 |    54 ||  1731
       Demon whip        |       |       |       |   222 |  1341 ||  1563
 Fire: Hunting sling     |       |       |       |       |    98 ||    98
Throw: Dart              |       |       |     1 |       |       ||     1
Invok: Berserk           |     1 |       |     1 |     2 |     9 ||    13
       Trog's Hand       |       |       |       |     1 |     3 ||     4
       Brothers in Arms  |       |       |       |     1 |     3 ||     4
Evoke: Wand              |       |       |     5 |    30 |    18 ||    53
  Use: Scroll            |     2 |       |    13 |    10 |     7 ||    32
       Potion            |       |       |       |     3 |     3 ||     6
 Stab: Sleeping          |     5 |     9 |    18 |    53 |    18 ||   103
       Distracted        |     1 |     1 |     1 |     1 |     5 ||     9
       Confused          |       |       |     3 |       |       ||     3
       Paralysed         |       |       |       |     6 |       ||     6
  Eat: Ration            |       |     1 |     3 |     9 |    11 ||    24
Armor: Animal skin       |     4 |     2 |     5 |       |       ||    11
       Robe              |       |       |       |    14 |    54 ||    68
       Skin              |       |       |       |    32 |    29 ||    61
       Troll leather arm |       |       |       |    17 |    31 ||    48
Dodge: Dodged            |    60 |    66 |   246 |   679 |  1062 ||  2113
Block: Buckler           |       |       |       |   284 |   476 ||   760

Table legend:
 A = Non-vault XP
 B = Vault XP
 C = Vault XP percentage of total XP
 D = Non-vault monster count
 E = Vault monster count
 F = Vault count percentage of total count
                 A         B        C        D         E       F
            +---------+---------+-------+---------+---------+-------
      Total |   54480 |   47265 |  46.5 |     418 |     161 |  27.8
            +---------+---------+-------+---------+---------+-------
        D:1 |      48 |       0 |   0.0 |      26 |       0 |   0.0
        D:2 |     101 |       0 |   0.0 |      19 |       0 |   0.0
        D:3 |      89 |       0 |   0.0 |      17 |       0 |   0.0
        D:4 |    1624 |      76 |   4.5 |      27 |      12 |  30.8
        D:5 |     318 |       0 |   0.0 |      13 |       0 |   0.0
        D:6 |     978 |      90 |   8.4 |      23 |       1 |   4.2
        D:7 |     591 |       0 |   0.0 |      17 |       0 |   0.0
        D:8 |    1769 |      42 |   2.3 |      24 |       1 |   4.0
        D:9 |    3165 |       0 |   0.0 |      26 |       0 |   0.0
       D:10 |    1071 |    2158 |  66.8 |      20 |      10 |  33.3
       D:11 |    1977 |       0 |   0.0 |      20 |       0 |   0.0
       D:12 |    2313 |     182 |   7.3 |      25 |       3 |  10.7
       D:13 |    2409 |    7201 |  74.9 |      17 |      22 |  56.4
       D:14 |    6564 |    9820 |  59.9 |      21 |      17 |  44.7
       D:15 |    6875 |       0 |   0.0 |      22 |       0 |   0.0
     Lair:1 |    3323 |    3444 |  50.9 |      11 |       6 |  35.3
     Lair:2 |    3689 |    1584 |  30.0 |      17 |      17 |  50.0
     Lair:3 |    2758 |     457 |  14.2 |      16 |       1 |   5.9
     Lair:4 |    3670 |    4468 |  54.9 |      16 |      10 |  38.5
     Lair:5 |     242 |       0 |   0.0 |       2 |       0 |   0.0
     Lair:6 |    9423 |   12067 |  56.2 |      27 |      46 |  63.0
      Orc:1 |    1483 |     611 |  29.2 |      12 |       4 |  25.0
   Gauntlet |       0 |    5065 | 100.0 |       0 |      11 | 100.0
            +---------+---------+-------+---------+---------+-------
